 Dungeon Crawl Stone Soup version 0.29.0-11-gd7f09526c8 (webtiles) character file.

Game seed: 14805636259156415608

226 jt the Chopper (level 5, -4/39 HPs)
             Began as a Vampire Abyssal Knight on Sept 3, 2022.
             Was a Priest of Lugonu.
             Killed from afar by Natasha (6 damage)
             ... with a magic dart
             ... on level 2 of the Dungeon.
             The game lasted 00:04:04 (1520 turns).

jt the Chopper (Vampire Abyssal Knight)             Turns: 1520, Time: 00:04:05

Health: -4/39      AC:  3    Str: 14    XL:     5   Next: 69%
Magic:  2/7        EV: 12    Int: 13    God:    Lugonu [***...]
Gold:   21         SH:  5    Dex: 14    Spells: 3/4 levels left

rFire   . . .      SeeInvis +   a - +1 hand axe
rCold   . . .      Faith    .   (no shield)
rNeg    . . .      Spirit   .   b - +0 leather armour
rPois   .          Reflect  +   (no helmet)
rElec   .          Harm     .   (no cloak)
rCorr   +          Rampage  .   (no gloves)
Will    .....                   (no boots)
Stlth   +.........              k - amulet of reflection
HPRegen 0.33/turn               n - ring of resist corrosion
MPRegen 0.10/turn               (no ring)

@: healing quickly, slowed, very slow
A: alive, fangs 3, see invisible, vampiric 2
a: Exsanguinate, Renounce Religion, Depart the Abyss, Bend Space, Banish


You were on level 2 of the Dungeon.
You worshipped Lugonu.
Lugonu was most pleased with you.
You visited 1 branch of the dungeon, and saw 2 of its levels.
You visited the Abyss 1 time.

You collected 21 gold pieces.

Inventory:

Hand Weapons
 a - a +1 hand axe (weapon)
 d - a +0 whip
 o - a +0 scythe
 p - a +0 sling
Missiles
 j - 2 stones (quivered)
Armour
 b - a +0 leather armour (worn)
 r - a +0 plate armour
Jewellery
 k - an amulet of reflection (around neck)
 n - a ring of resist corrosion (left hand)
Scrolls
 c - a scroll of amnesia {unknown}
 e - a scroll of immolation
 g - a scroll of enchant armour {unknown}
 l - a scroll of teleportation {unknown}
 m - a scroll of butterflies {unknown}
 q - a scroll of identify {unknown}
Potions
 f - a potion of brilliance {unknown}
 h - a potion of flight {unknown}
 s - a potion of might {unknown}
 t - a potion of cancellation {unknown}


   Skills:
 - Level 2.6 Fighting
 + Level 4.4 Axes
 - Level 0.7 Armour
 - Level 2.1 Dodging
 + Level 3.4 Invocations


You had 3 spell levels left.
You knew the following spells:

 Your Spells              Type           Power      Damage    Failure   Level
a - Foxfire               Conj/Fire      0%         2x1d4     36%         1

Your spell library contained the following spells:

 Spells                   Type           Power      Damage    Failure   Level
 Conjure Flame            Conj/Fire      0%         6-21      75%         3
 Inner Flame              Hex/Fire       0%         N/A       75%         3
 Tukima's Dance           Hex            0%         N/A       75%         3
 Flame Wave               Conj/Fire      0%         2d4       98%         4
 Passage of Golubria      Tloc           0%         N/A       98%         4
 Yara's Violent Unravell  Hex/Tmut       0%         3d3       100%        5


Dungeon Overview and Level Annotations

Branches:
Dungeon (2/15)

Altars:

Annotations:
D:2 Natasha


Innate Abilities, Weirdness & Mutations

Your natural rate of healing is accelerated.
You have razor-sharp teeth.
You have supernaturally acute eyesight. (SInv)
You are afflicted with vampirism and can become a bat while bloodless.


Message History

The poisoned dart closely misses Natasha.
Natasha casts a spell at you. The magic dart hits you!
Natasha wildly gestures.
Natasha shimmers violently.
Natasha casts a spell at you.
You feel yourself slow down.
Natasha mumbles some strange words.
Natasha casts a spell at you. You resist with some effort.
You hit Natasha but do no damage.
Natasha is lightly wounded.
Natasha looks more healthy.
You block Natasha's attack.
You closely miss Natasha.
Natasha is lightly wounded.
You closely miss the white imp. Natasha claws you!
You block the white imp's attack. Natasha claws you!
The white imp hits you but does no damage.
You hit Natasha but do no damage. Your bite misses Natasha.
Natasha is lightly wounded.
You hit the white imp. Natasha claws you. The white imp completely misses you.
Natasha stares at you and mumbles some strange words.
The magic dart hits you.
Unknown command.
Space bends violently around you!
You blink.
You aren't carrying any items that you can evoke.
Press: ? - help, Shift-Dir - straight line, f/p - Natasha
Aim: Natasha (lightly wounded, chance to affect: 81%)
You fail to use your ability.
The white imp gestures at you. The puff of frost hits you.
* * * LOW HITPOINT WARNING * * *
Press: ? - help, Shift-Dir - straight line, f/p - Natasha
Aim: Natasha (lightly wounded, chance to affect: 81%) Natasha barely resists.
The white imp gestures at you. The puff of frost hits you.
* * * LOW HITPOINT WARNING * * *
Natasha stares at you and mumbles some strange words.
The magic dart hits you.
You die...

#..†..[)...#
##.###.....# ...#
#...>.## #### #......#
#......#
######.########
##...!.##.....##
##..............##
#.†...$....h@....#
#.......(........#
#####........5.......#
...............(.....#
#####................#
#................#
##..............##
##.....##.....##
############# ####


You could see Natasha and a white imp (summoned).

Vanquished Creatures
  Sigmund (D:2)
  2 adders (D:2)
  3 dart slugs
  4 bats
  2 endoplasms (D:1)
  2 giant cockroaches
  3 goblins
  2 hobgoblins (D:2)
  4 jackals (D:1)
  A quokka (D:1)
  4 ball pythons
  2 frilled lizards
  2 kobolds
  2 rats
34 creatures vanquished.

Vanquished Creatures (others)
  6 foxfires (D:1)
6 creatures vanquished.

Grand Total: 40 creatures vanquished

Notes
Turn   | Place    | Note
-------+----------+-------------------------------------------
     0 | Abyss:1  | jt the Vampire Abyssal Knight began the quest for the Orb.
     0 | Abyss:1  | Reached XP level 1. HP: 17/17 MP: 2/2
     1 | D:1      | Escaped the Abyss
    35 | D:1      | Reached skill level 2 in Axes
    64 | D:1      | Found a faded altar of an unknown god.
   221 | D:1      | Reached XP level 2. HP: 18/23 MP: 3/3
   445 | D:1      | Learned a level 1 spell: Foxfire
   637 | D:1      | Reached skill level 3 in Axes
  1069 | D:2      | Reached *** piety under Lugonu
  1131 | D:2      | Noticed Sigmund
  1134 | D:2      | Gained mutation: You are afflicted with vampirism and can
                  | become a bat while bloodless. [Vampire growth]
  1134 | D:2      | Reached XP level 3. HP: 27/28 MP: 4/4
  1135 | D:2      | Killed Sigmund
  1136 | D:2      | Reached skill level 4 in Axes
  1136 | D:2      | Reached XP level 4. HP: 33/34 MP: 4/6
  1136 | D:2      | Reached XP level 5. HP: 38/39 MP: 4/7
  1174 | D:2      | Noticed Natasha
  1520 | D:2      | Killed from afar by Natasha

Illustrated notes

Levels and vault maps discovered:
D:1:      lightli_arrival_quake, layout_loops_corners,
          ebering_ecumenical_altar_box, chequers_avenue,
          minmay_misc_feat_secret_circle, kennysheep_decorative_pillar
D:2:      layout_rooms, minmay_tree_intersection, uniq_natasha, uniq_sigmund

Skill      XL: |  1  2  3 |
---------------+----------+-----
Axes           | 2 3 4 |  4.4
Invocations    | 3 |  3.4
Fighting       | |  2.6
Armour         | |  0.7
Dodging        | |  2.1

Action                   |  1- 3 |  4- 6 || total
-------------------------+-------+-------++-------
Melee: Hand axe          |    61 |    27 ||    88
       Bite              |     2 |     1 ||     3
Throw: Dart              |     1 |    11 ||    12
       Stone             |       |     1 ||     1
 Cast: Foxfire           |     3 |       ||     3
Invok: Bend Space        |       |     1 ||     1
       Banish            |       |     1 ||     1
  Use: Scroll            |     1 |       ||     1
 Stab: Sleeping          |     1 |       ||     1
Armor: Leather armour    |    10 |     5 ||    15
Dodge: Dodged            |    40 |    16 ||    56
Block: Other             |     2 |     9 ||    11
       Reflection        |       |     2 ||     2
